 Dungeon Crawl Stone Soup version 0.30-a0-1160-g6e42c06551 (webtiles) character file.

Game seed: 15855431093709603956

223 Darkkill the Shooter (level 5, -1/46 HPs)
             Began as a Minotaur Hunter on Apr 25, 2023.
             Was an Initiate of Gozag.
             Slain by an elf zombie (4 damage)
             ... in an ossuary.
             The game lasted 00:04:19 (2450 turns).

Darkkill the Shooter (Minotaur Hunter)              Turns: 2450, Time: 00:04:20

Health: -1/46      AC:  7    Str: 16    XL:     5   Next: 66%
Magic:  4/4        EV: 13    Int:  6    God:    Gozag
Gold:   103        SH:  0    Dex: 15    Spells: 4/4 levels left

rFire   . . .        a - +1 shortbow (heavy)
rCold   . . .        (shield currently unavailable)
rNeg    . . .        c - +0 leather armour
rPois   .            (helmet restricted)
rElec   .            (no cloak)
rCorr   .            (no gloves)
SInv    .            (no boots)
Will    .....        (no amulet)
Stlth   ++           f - +4 ring of protection
HPRegen 0.27/turn    (no ring)
MPRegen 0.09/turn

%: no passive effects
@: no status effects
A: horns 2, retaliatory headbutt
a: Renounce Religion, Potion Petition, Call Merchant, Bribe Branch


You were in an ossuary.
You worshipped Gozag.
Gozag was aware of your devotion.
You visited 2 branches of the dungeon, and saw 5 of its levels.
You also visited: Ossuary.

You collected 191 gold pieces.
You spent 27 gold pieces at shops.
You paid 61 gold pieces to Gozag.

Inventory:

Hand Weapons
 a - a +1 heavy shortbow (weapon)
Missiles
 e - 46 stones
Armour
 c - a +0 leather armour (worn)
Jewellery
 f - a +4 ring of protection (left hand)
 h - an amulet of magic regeneration
Wands
 r - a wand of quicksilver (7)
Scrolls
 b - 2 scrolls of immolation
 o - 2 scrolls of teleportation {unknown}
 s - a scroll of silence {unknown}
Potions
 d - 3 potions of might
 g - a potion of lignification
 i - a potion of heal wounds {unknown}
 j - 3 potions of invisibility
 k - a potion of attraction
 l - a potion of mutation {unknown}
 n - 3 potions of brilliance {unknown}
 p - 2 potions of flight {unknown}
 q - a potion of degeneration {unknown}


   Skills:
 + Level 4.2 Fighting
 + Level 5.3 Ranged Weapons
 + Level 3.7 Dodging
 + Level 2.5 Stealth


You had 4 spell levels left.
You didn't know any spells.
Your spell library contained the following spells:

 Spells                   Type           Power      Damage    Failure   Level
 Freeze                   Ice            0%         1d3       52%         1
 Summon Small Mammal      Summ           0%         N/A       52%         1
 Lesser Beckoning         Tloc           0%         N/A       67%         2
 Call Canine Familiar     Summ           0%         N/A       88%         3
 Frozen Ramparts          Ice            0%         1d1       88%         3
 Gell's Gravitas          Tloc           0%         N/A       88%         3
 Hailstorm                Conj/Ice       0%         3d3       88%         3
 Summon Guardian Golem    Hex/Summ       0%         N/A       88%         3
 Teleport Other           Tloc           0%         N/A       88%         3


Dungeon Overview and Level Annotations

Branches:
Dungeon (4/15)             Temple (1/1) D:4         Ossuary (1/1)

Altars:
Cheibriados
Fedhas
Gozag
Nemelex Xobeh
Ru
Sif Muna
Trog
Vehumet
Wu Jian
Xom
Zin

Shops:
D:2 (   D:4 *


Innate Abilities, Weirdness & Mutations

You have a pair of horns on your head.
You reflexively headbutt those who attack you in melee.


Message History

The hound zombie closely misses you. The adder zombie barely misses you.
You furiously retaliate!
You headbutt the adder zombie, but do no damage.
The kobold zombie closely misses you. The gnoll zombie closely misses you.
You furiously retaliate!
You headbutt the gnoll zombie!
You destroy the gnoll zombie!
The elf zombie hits you but does no damage.
The human zombie barely misses you. You furiously retaliate!
You headbutt the human zombie, but do no damage.
The elf zombie barely misses you. The elf zombie hits you.
The hound zombie bites you. The adder zombie closely misses you.
The kobold zombie hits you but does no damage.
The elf zombie closely misses you. The elf zombie hits you.
The elf zombie hits you but does no damage.
The human zombie hits you but does no damage.
A mummy comes into view.
The hound zombie misses you. The adder zombie closely misses you.
You shoot an arrow. The arrow barely misses the elf zombie.
The hound zombie is distracted by your dazzling golden aura.
The kobold zombie closely misses you. The adder zombie closely misses you.
The elf zombie misses you. The human zombie barely misses you.
The elf zombie closely misses you. x2
Aiming: Quicksilver Bolt
Press: ? - help, Q - select action, (/) - cycle Shift-Dir - straight line, f - elf zombie, p - elf zombie
Aim: an elf zombie (moderately damaged, 71% to hit)
The bolt of dispelling energy hits the elf zombie!!
The elf zombie is heavily damaged.
The bolt of dispelling energy misses the mummy.
The adder zombie barely misses you. The elf zombie barely misses you.
The kobold zombie is distracted by your dazzling golden aura.
The elf zombie is distracted by your dazzling golden aura.
The human zombie barely misses you. The elf zombie hits you.
* * * LOW HITPOINT WARNING * * *
The adder zombie bites you but does no damage.
The hound zombie attacks as you move away!
The hound zombie misses you.
The kobold zombie is no longer distracted by gold.
The kobold zombie hits you but does no damage.
The human zombie barely misses you.
The elf zombie is distracted by your dazzling golden aura.
The adder zombie bites you but does no damage.
You see here 10 gold pieces.
The adder zombie attacks as you move away!
The adder zombie completely misses you.
The kobold zombie hits you but does no damage.
The human zombie misses you.
Aiming: Quicksilver Bolt
Press: ? - help, Q - select action, (/) - cycle Shift-Dir - straight line, f - elf zombie, p - elf zombie
Aim: an elf zombie (71% to hit)
The bolt of dispelling energy hits the elf zombie!
The elf zombie is severely damaged.
The bolt of dispelling energy hits the adder zombie!
You destroy the adder zombie!
The bolt of dispelling energy hits the elf zombie!!
The elf zombie is moderately damaged.
The elf zombie is no longer distracted by gold.
The hound zombie is no longer distracted by gold.
The kobold zombie misses you. The elf zombie hits you.
* * * LOW HITPOINT WARNING * * *
The human zombie completely misses you. You furiously retaliate!
You headbutt the human zombie.
Aiming: Quicksilver Bolt
Press: ? - help, Q - select action, (/) - cycle Shift-Dir - straight line, f - hound zombie, p - elf zombie
Aim: a hound zombie (79% to hit)
The bolt of dispelling energy hits the elf zombie!
The elf zombie is almost destroyed.
The bolt of dispelling energy hits the hound zombie!
The hound zombie is heavily damaged.
Aiming: Quicksilver Bolt
Press: ? - help, Q - select action, (/) - cycle Shift-Dir - straight line, f - elf zombie, p - hound zombie
Aim: an elf zombie (moderately damaged, 71% to hit)
The bolt of dispelling energy misses the human zombie.
The bolt of dispelling energy hits the elf zombie!
The elf zombie is heavily damaged.
The elf zombie is no longer distracted by gold.
The kobold zombie closely misses you.
The elf zombie hits you but does no damage.
The human zombie hits you but does no damage.
Aiming: Quicksilver Bolt
Press: ? - help, Q - select action, (/) - cycle Shift-Dir - straight line, f/p - elf zombie
Aim: an elf zombie (heavily damaged, 71% to hit)
The bolt of dispelling energy hits the human zombie!
The human zombie is moderately damaged.
The bolt of dispelling energy misses the elf zombie.
The elf zombie hits you.
* * * LOW HITPOINT WARNING * * *
The kobold zombie hits you but does no damage.
The human zombie hits you.
* * * LOW HITPOINT WARNING * * *
As you read the scroll of fog, it crumbles to dust.
The scroll dissolves into smoke.
The kobold zombie hits you but does no damage.
The elf zombie hits you.
* * * LOW HITPOINT WARNING * * *
The human zombie misses you. The elf zombie barely misses you.
You furiously retaliate!
You headbutt the elf zombie.
The elf zombie hits you but does no damage.
The elf zombie hits you.
You die...
Your body crumbles into a pile of gold.

$ ..... .....
..... .....
.....#####.....
...............
...............
...............
...............
.....§§@§§.....
.....§ZZZZ.....
.....§ZZ§§.....
......§§§......
......$.$.M....
...............
...............
...............
...............


You could see a hound zombie, a kobold zombie, 3 elf zombies and a human zombie.

Vanquished Creatures
  A scorpion (D:4)
  A hound (D:3)
  5 adders
  An adder zombie (Ossuary)
  A worm (D:3)
  An orc (D:4)
  5 ball pythons
  9 bats
  7 endoplasms
  3 giant cockroaches
  A gnoll zombie (Ossuary)
  4 goblins
  12 hobgoblins
  8 kobolds
  4 quokkas
  4 frilled lizards
  A goblin zombie (Ossuary)
  An orc zombie (Ossuary)
  7 rats
  4 rat zombies
80 creatures vanquished.

Vanquished Creatures (others)
  4 toadstools (D:1)
4 creatures vanquished.

Grand Total: 84 creatures vanquished

Notes
Turn   | Place    | Note
-------+----------+-------------------------------------------
     0 | D:1      | Darkkill the Minotaur Hunter began the quest for the Orb.
     0 | D:1      | Reached XP level 1. HP: 18/18 MP: 0/0
    56 | D:1      | Reached skill level 1 in Stealth
   117 | D:1      | Reached XP level 2. HP: 25/25 MP: 1/1
   789 | D:2      | Reached XP level 3. HP: 31/31 MP: 2/2
   928 | D:2      | Found a faded altar of an unknown god.
  1029 | D:2      | Reached XP level 4. HP: 38/38 MP: 3/3
  1174 | D:2      | Found Dohoithyr's Weapon Emporium.
  1471 | D:3      | Reached skill level 5 in Ranged Weapons
  2019 | D:4      | Found Jasil's Assorted Antiques.
  2033 | D:4      | Bought a scroll labelled KUDWET GIOMOM for 27 gold pieces
  2083 | D:4      | Noticed a scorpion
  2089 | D:4      | Killed a scorpion
  2090 | D:4      | Reached XP level 5. HP: 42/46 MP: 4/4
  2284 | D:4      | Found a staircase to the Ecumenical Temple.
  2302 | Temple   | Entered the Ecumenical Temple
  2337 | Temple   | Became a worshipper of Gozag Ym Sagoz the Greedy
  2416 | D:4      | Found a sand-covered staircase.
  2431 | Ossuary  | Entered an ossuary
  2445 | Ossuary  | HP: 9/46 [elf zombie (5)]
  2449 | Ossuary  | HP: 2/46 [elf zombie (4)]
  2450 | Ossuary  | Slain by an elf zombie

Illustrated notes

Levels and vault maps discovered:
D:1:      ldierk_walled_garden_2, layout_basic
D:2:      layout_loops_cross, shapermc_ecumenical_altar_starsandcircs,
          serial_shops, nicolae_shop_waterfront
D:3:      layout_rooms
D:4:      layout_gridville, minmay_temple_entry_statues_fountains, serial_shops,
          nicolae_shop_peninsula, enter_ossuary_4,
          hangedman_abyss_or_decor_stabs, minmay_fountain_box
Temple:   eino_narrow_crystal_temple
Ossuary:  ossuary_minmay_tomb_2a

Skill      XL: |  1  2  3  4 |
---------------+-------------+-----
Stealth        | 1 2 |  2.5
Fighting       | 3 4 |  4.2
Dodging        | 3 |  3.7
Ranged Weapons | 5 |  5.3

Action                     |  1- 3 |  4- 6 || total
---------------------------+-------+-------++-------
   Fire: Shortbow          |   102 |    79 ||   181
  Evoke: Wand              |       |     7 ||     7
    Use: Scroll            |     4 |     7 ||    11
 Armour: Leather armour    |    15 |    29 ||    44
  Dodge: Dodged            |    20 |    67 ||    87

Table legend: (Time is in decaauts)
 A = Elapsed time spent in this place.
 B = Non-inter-level travel time spent in this place.
 C = Inter-level travel time spent in this place.
 D = Time resting spent in this place.
 E = Time spent auto-exploring this place.
 F = Levels seen in this place.
 G = Mean time per level.
                   A        B        C        D        E       F      G
               +--------+--------+--------+--------+--------+-----+--------+
         Total |   2523 |   2396 |    127 |      0 |   1986 |   6 |  420.5 |
       Dungeon |   2445 |   2346 |     99 |      0 |   1968 |   4 |  611.2 |
        Temple |     51 |     23 |     28 |      0 |     18 |   1 |   51.0 |
       Ossuary |     26 |     26 |      0 |      0 |      0 |   1 |   26.0 |
               +--------+--------+--------+--------+--------+-----+--------+

Top non-repeatable levels by time:
     D:1: 801 daAuts
     D:2: 691 daAuts
     D:3: 514 daAuts
     D:4: 437 daAuts
  Temple: 51 daAuts
 Ossuary: 26 daAuts

Levels and vault maps discovered:
D:1:      ldierk_walled_garden_2, layout_basic
D:2:      layout_loops_cross, shapermc_ecumenical_altar_starsandcircs,
          serial_shops, nicolae_shop_waterfront
D:3:      layout_rooms
D:4:      layout_gridville, minmay_temple_entry_statues_fountains, serial_shops,
          nicolae_shop_peninsula, enter_ossuary_4,
          hangedman_abyss_or_decor_stabs, minmay_fountain_box
Temple:   eino_narrow_crystal_temple
Ossuary:  ossuary_minmay_tomb_2a

Table legend: (Time is in decaauts)
 A = Elapsed time spent in this place.
 B = Non-inter-level travel time spent in this place.
 C = Inter-level travel time spent in this place.
 D = Time resting spent in this place.
 E = Time spent auto-exploring this place.
 F = Levels seen in this place.
 G = Mean time per level.
                   A        B        C        D        E       F      G
               +--------+--------+--------+--------+--------+-----+--------+
         Total |   2523 |   2396 |    127 |      0 |   1986 |   6 |  420.5 |
       Dungeon |   2445 |   2346 |     99 |      0 |   1968 |   4 |  611.2 |
        Temple |     51 |     23 |     28 |      0 |     18 |   1 |   51.0 |
       Ossuary |     26 |     26 |      0 |      0 |      0 |   1 |   26.0 |
               +--------+--------+--------+--------+--------+-----+--------+

Top non-repeatable levels by time:
     D:1: 801 daAuts
     D:2: 691 daAuts
     D:3: 514 daAuts
     D:4: 437 daAuts
  Temple: 51 daAuts
 Ossuary: 26 daAuts

Table legend:
 A = Kills in this place as a percentage of kills in the entire game.
 B = Kills by you in this place as a percentage of kills by you in the entire game.
 C = Kills by friends in this place as a percentage of kills by friends in the entire game.
 D = Other kills in this place as a percentage of other kills in the entire game.
 E = Experience gained in this place as a percentage of experience gained in the entire game.
 F = Experience gained in this place divided by the number of levels of this place that you have seen.
                   A       B       C       D       E      F
               +-------+-------+-------+-------+-------+----------------------
         Total | 100.0 | 100.0 |   N/A |   N/A | 100.0 |  53.2
       Dungeon |  92.5 |  92.5 |   N/A |   N/A |  96.6 |  77.0
       Ossuary |   7.5 |   7.5 |   N/A |   N/A |   3.4 |  11.0
               +-------+-------+-------+-------+-------+----------------------
